Map: Prion Terraces

Players

Miszu - Winner!

  • Race: Terran Terran
  • League: Master

ßlackKniGhT

  • Race: Zerg Zerg
  • League: Master

VOD

Have the link to the VOD?

Description

Time

  • Played on: March 21, 2016, 3:42 p.m.
  • Length: 9:31
Show
View Real Time Build Order
Export as new Build Order

Miszu Terran - Winner!

Build Orders: MMM Bio 

Get SALT Encoding   

  12  0:01  SCV  
  13  0:13  SCV  
  14  0:18  Supply Depot  
  14  0:25  SCV  
  15  0:40  SCV  
  16  0:43  Barracks  
  16  0:47  Refinery  
  16  0:52  SCV  
  17  1:04  SCV  
  17  1:05  Barracks  
  18  1:16  SCV  
  19  1:18  Barracks  
  19  1:28  SCV  
  20  1:40  SCV  
  20  1:45  Refinery, Reaper  
  22  1:49  Supply Depot  
  22  1:52  Reaper  
  23  2:00  Orbital Command  
  23  2:10  Reaper  
  24  2:19  Reaper  
  24  2:22  Supply Depot  
  25  2:26  SCV  
  25  2:27  Reaper  
  27  2:38  SCV  
  28  2:50  SCV  
  29  3:01  Reaper  
  29  3:02  Reaper x2, SCV  
  33  3:08  Command Center  
  33  3:14  SCV  
  34  3:26  SCV  
  35  3:33  Reaper  
  35  3:34  Reaper x2  
  35  3:38  SCV  
  36  3:48  Supply Depot  
  36  3:52  SCV  
  36  3:55  Command Center  
  37  3:59  Supply Depot  
  37  4:04  SCV  
  37  4:08  Barracks Reactor, Barracks Tech Lab  
  38  4:11  Barracks Tech Lab  
  38  4:16  SCV  
  39  4:23  Orbital Command  
  39  4:26  Marine  
  39  4:28  SCV  
  39  4:29  Marine  
  42  4:32  Stimpack  
  42  4:40  SCV  
  42  4:44  Marine x2  
  42  4:45  Marine  
  46  4:47  Marine  
  46  4:51  Factory  
  46  4:52  SCV  
  48  4:53  SCV  
  48  4:57  Refinery x2  
  49  5:02  Marine x2  
  49  5:04  SCV  
  49  5:06  Engineering Bay  
  52  5:10  Engineering Bay  
  52  5:18  Marine x2  
  52  5:20  Marine x2, SCV  
  52  5:21  SCV  
  51  5:36  Starport, Barracks, Factory Reactor  
  51  5:37  Barracks  
  51  5:39  SCV x2  
  53  5:43  Orbital Command  
  53  5:46  Terran Infantry Weapons Level 1  
  53  5:47  Terran Infantry Armor Level 1  
  52  5:51  SCV  
  52  5:54  Marine  
  52  5:55  Marine x2  
  52  5:56  Marine  
  57  5:59  Combat Shields  
  57  6:00  SCV  
  58  6:04  Supply Depot  
  58  6:06  SCV  
  58  6:10  SCV  
  60  6:12  Marine  
  60  6:13  SCV  
  60  6:18  SCV  
  63  6:20  Marine, Marauder, Factory Tech Lab  
  63  6:23  Medivac x2  
  63  6:24  Barracks Reactor  
  63  6:25  Barracks Reactor  
  70  6:26  SCV  
  70  6:29  Supply Depot  
  70  6:30  Marine  
  72  6:34  Marauder  
  72  6:37  Marine  
  72  6:38  Siege Tank  
  78  6:41  Marine  
  79  6:55  Marine x2, Marauder  
  79  6:59  Marauder  
  79  7:01  Medivac x2  
  87  7:03  Marine x2  
  87  7:04  Marine x2, Armory  
  93  7:09  Bunker  
  93  7:13  Marine x2, Siege Tank, Orbital Command  
  93  7:14  Supply Depot x2  
  98  7:16  Marauder  
  100  7:29  SCV  
  101  7:35  Marauder, SCV  
  101  7:36  Supply Depot  
  104  7:37  Supply Depot  
  104  7:38  SCV  
  104  7:41  SCV  
  104  7:42  Marauder  
  108  7:44  Marine  
  108  7:47  SCV  
  108  7:50  Marine  
  108  7:51  Marine x4  
  112  7:53  Medivac  
  112  7:57  SCV x2  
  112  7:58  Supply Depot, Marauder  
  121  8:02  Supply Depot  
  121  8:04  Supply Depot  
  121  8:07  SCV  
  111  8:16  Marine x6, Marauder  
  111  8:18  Marine  
  115  8:33  Marine  
  116  8:34  Marine  
  113  8:42  Marine x5, Marauder  
  112  8:51  Marine  
  112  8:52  Marine  
  114  8:57  Supply Depot  
  114  8:59  Marine  
  114  9:00  Marine x4  
  114  9:01  Command Center  
  122  9:03  Marine  
  122  9:09  Marine x2  
Show
View Real Time Build Order
Export as new Build Order

ßlackKniGhT Zerg 

Build Orders: Pool First 

Get SALT Encoding   

  12  0:00  Drone  
  13  0:07  Drone  
  14  0:17  Overlord  
  14  0:29  Extractor, Drone  
  14  0:30  Extractor  
  14  0:31  Drone  
  16  0:36  Drone  
  17  0:45  Extractor  
  17  0:48  Drone  
  17  0:51  Spawning Pool  
  17  0:56  Drone  
  17  1:20  Drone, Hatchery  
  17  1:23  Drone  
  18  1:37  Queen  
  20  1:42  Overlord  
  20  1:49  Zergling x2  
  20  1:50  Drone  
  22  1:56  Metabolic Boost  
  22  2:08  Drone  
  22  2:15  Queen  
  25  2:26  Drone  
  25  2:27  Drone  
  27  2:41  Zergling x4  
  27  2:42  Baneling Nest  
  28  2:50  Spore Crawler  
  27  3:06  Zergling x6  
  27  3:07  Zergling x8  
  33  3:22  Zergling x4  
  33  3:25  Queen  
  31  3:39  Overlord  
  29  3:43  Queen  
  29  3:44  Drone x3  
  29  3:45  Drone x2  
  29  3:47  Overlord  
  36  4:00  Drone x4  
  40  4:07  Drone  
  41  4:19  Zergling x14  
  48  4:30  Overlord  
  48  4:33  Drone x2  
  50  4:44  Drone x2  
  52  4:48  Evolution Chamber  
  52  4:49  Evolution Chamber  
  50  4:59  Overlord  
  50  5:00  Overlord, Hatchery  
  50  5:02  Drone x4  
  52  5:19  Drone  
  52  5:20  Drone x5  
  55  5:32  Zerg Ground Armor Level 1  
  55  5:33  Zerg Melee Weapons Level 1  
  51  5:40  Drone x6  
  57  5:43  Extractor  
  57  5:44  Extractor  
  57  5:45  Drone  
  57  5:46  Lair  
  57  5:47  Hatchery  
  57  5:48  Extractor  
  54  6:07  Overlord  
  54  6:13  Drone  
  54  6:14  Overlord  
  54  6:15  Zergling x12  
  61  6:25  Overlord, Zergling x2  
  62  6:35  Zergling x2  
  62  6:36  Zergling x12  
  62  6:37  Queen  
  71  6:51  Centrifical Hooks  
  71  6:56  Baneling, Overseer  
  71  6:57  Baneling x12  
  71  6:58  Burrow  
  71  7:00  Drone x5  
  76  7:06  Zergling x14  
  83  7:19  Overlord  
  83  7:21  Overlord  
  83  7:28  Drone x4  
  87  7:32  Drone x4  
  91  7:41  Zergling x10  
  91  7:42  Zergling x2  
  97  7:46  Hatchery  
  96  7:51  Baneling x10  
  96  7:52  Drone x4  
  90  8:17  Zergling x2  
  90  8:18  Zergling x20  
  92  8:24  Extractor x2, Zergling x4  
  92  8:28  Baneling x3  
  92  8:29  Baneling x2  
  92  8:30  Zergling x8  
  90  8:46  Zergling x14  
  87  8:51  Zergling x4  
  87  8:52  Zergling x2  
  87  8:54  Baneling  
  87  8:55  Baneling x7  
  87  9:02  Zergling x2  
  88  9:03  Zergling x16  
  96  9:16  Hatchery  
Tags
 
Composition
MMM Bio
Matchup
TvZ
Opening
Pool First
Add a new tag
Caveats
  • Supply blocks, unpowered buildings, or Contaminate may cause inaccurate times.
  • Supply counts are checked every 10 seconds.